cohdb
Replays
Latest Replays
All Replays
Popular Replays
Top Player Replays
Match Explorer
How It Works
Community
CoH3 Stats
Reddit
Sign in to upload your games and track your stats! →
Sign in with Steam
Match 41028316
Unlisted
Match 41028316
Overview
Messages
Build Orders
End
Construct Infanterie Kompanie
Selects Terror Battlegroup
Selects Machine Gun Camouflage
MG 42 Machine Gun Team
Grenadier Squad
MG 42 Machine Gun Team
Grenadier Squad
Infanterie Officer Quarters
Grenadier Squad
Construct Panzergrenadier Kompanie
Pak 40 Anti-tank Gun Team
Support Elements
Medical Bunker
Medical Station
Selects Defend the Fatherland
Nebelwerfer 42 Rocket Launcher Team
Panzergrenadier Officer Quarters
RockReborn
Tonani
Lyon
iExploze
Hyperdart
Trichelieu
0
0
Comments
sign in to comment!
No comments posted yet!